 Dungeon Crawl Stone Soup version 0.30-a0-1074-g5db6f66fbb (webtiles) character file.

Game seed: 7904946985753406095

12365 xian the Severer (level 11, -2/101 HPs)
             Began as a Minotaur Fighter on Apr 13, 2023.
             Was a Priest of Makhleb.
             Succumbed to a death drake's dark miasma
             ... on level 11 of the Dungeon.
             The game lasted 00:25:52 (10048 turns).

xian the Severer (Minotaur Fighter)                Turns: 10048, Time: 00:25:52

Health: -2/101     AC: 26    Str: 25    XL:     11   Next: 61%
Magic:  10/10      EV:  6    Int:  5    God:    Makhleb [***...]
Gold:   674        SH:  0    Dex: 10    Spells: 10/10 levels left

rFire   . . .      SeeInvis .    a - +0 war axe
rCold   + + .      Faith    .    t - orb {*Rage}
rNeg    . . .      Spirit   .    v - +0 crystal plate armour
rPois   .          Reflect  .    (helmet restricted)
rElec   .          Rampage  .    f - +0 cloak
rCorr   .          Rage     20%  n - +0 pair of gloves
Will    .....                    k - +0 pair of boots Stlth
                                 K - amulet of the acrobat
HPRegen 0.36/turn                h - ring of protection from cold
MPRegen 0.12/turn                c - ring of protection from cold

@: lethally poisoned (-2 -> -38), slowed, very slow
A: horns 2, retaliatory headbutt
a: Renounce Religion, Minor Destruction, Lesser Servant of Makhleb


You were on level 11 of the Dungeon.
You worshipped Makhleb.
Makhleb was most pleased with you.
You visited 1 branch of the dungeon, and saw 12 of its levels.

You collected 800 gold pieces.
You spent 126 gold pieces at shops.

Inventory:

Hand Weapons
 a - a +0 war axe (weapon)
 D - a +4 battleaxe
Missiles
 u - 49 poisoned darts (quivered)
 E - 5 boomerangs
 G - 2 javelins
Armour
 f - a +0 cloak (worn)
 k - a +0 pair of boots (worn)
 n - a +0 pair of gloves (worn)
 r - a +0 kite shield of protection
 t - an orb of wrath (worn)
 v - a +0 crystal plate armour (worn)
 N - a +3 plate armour
Jewellery
 c - a ring of protection from cold (right hand)
 h - a ring of protection from cold (left hand)
 K - an amulet of the acrobat (around neck)
Wands
 J - a wand of quicksilver (11)
Scrolls
 b - a scroll of poison
 e - 2 scrolls of teleportation
 l - 2 scrolls of summoning
 o - a scroll of immolation
 p - 2 scrolls of magic mapping
 q - 3 scrolls of fog
 s - a scroll of silence
 y - 2 scrolls of brand weapon {unknown}
 I - a scroll of enchant weapon
 L - a scroll of fear
Potions
 d - 2 potions of might
 g - a potion of heal wounds
 i - 3 potions of mutation
 j - 6 potions of curing {unknown}
 m - 2 potions of magic {unknown}
 w - a potion of degeneration {unknown}
 x - 2 potions of berserk rage {unknown}
 z - 2 potions of haste {unknown}
 A - 3 potions of lignification {unknown}
 B - a potion of flight {unknown}
 C - 2 potions of attraction {unknown}
 F - a potion of cancellation {unknown}
 H - a potion of resistance
Miscellaneous
 M - a phial of floods


   Skills:
 + Level 10.6 Fighting
 + Level 15.2 Axes
 + Level 0.8 Throwing
 + Level 12.6 Armour
 + Level 1.7 Dodging
 + Level 1.0 Stealth
 + Level 4.8 Shields


You had 10 spell levels left.
You didn't know any spells.
Your spell library contained the following spells:

 Spells                   Type           Power      Damage    Failure   Level
 Beastly Appendage        Tmut           0%         N/A       100%        1
 Ensorcelled Hibernation  Hex/Ice        0%         N/A       100%        2
 Passwall                 Tmut/Erth      0%         N/A       100%        2
 Static Discharge         Conj/Air       0%         2-2/arc   100%        2
 Sublimation of Blood     Necr           0%         N/A       100%        2
 Wereblood                Tmut           0%         N/A       100%        2
 Spider Form              Tmut/Pois      0%         N/A       100%        3
 Swiftness                Air            0%         N/A       100%        3
 Airstrike                Air            0%         2d(0-16)  100%        4
 Summon Lightning Spire   Summ/Air       0%         N/A       100%        4
 Summon Hydra             Summ           0%         N/A       100%        7


Dungeon Overview and Level Annotations

Branches:
Dungeon (12/15)            Temple (0/1) D:7             Orc (0/2) D:9
   Lair: D:8-11

Altars:
Cheibriados
Elyvilon
Makhleb
Qazlal
Trog
Vehumet
Wu Jian
Xom
The Shining One

Shops:
D:2 [(([   D:5 :(:*   D:6 :

Annotations:
D:8 exclusion: statue


Innate Abilities, Weirdness & Mutations

You have a pair of horns on your head.
You reflexively headbutt those who attack you in melee.


Message History

You feel better.
Unknown command.
A death drake comes into view.
The death drake hisses angrily.
The death drake breathes miasma at you.
You are engulfed in dark miasma.
You are poisoned.
You feel very sick.
You are engulfed in dark miasma.
You are more poisoned.
You feel yourself slow down.
You feel very sick.
There is a stone staircase leading down here.
You feel extremely sick.
The death drake bites you but does no damage. x2
You climb downwards.
Reactivating autopickup.
You feel very sick.
Found a chain mail and a ring mail.
There is a stone staircase leading up here.
You closely miss the death drake.
You feel very sick. The death drake breathes miasma at you.
The foul vapour engulfs you but does no damage.
The death drake bites you but does no damage.
Unknown command.
You slash the death drake!
The death drake is lightly wounded.
You are engulfed in dark miasma.
You are more poisoned.
You feel as though you will be slow longer.
You feel extremely sick. The death drake barely misses you.
You are engulfed in dark miasma.
You are lethally poisoned!
* * * LOW HITPOINT WARNING * * *
x2 You feel extremely sick.
The death drake bites you but does no damage.
The death drake barely misses you. You furiously retaliate!
You headbutt the death drake!
You climb upwards.
You die...

######## #......#
######### #......#
#..k....# #......#
#...@...# #......##
#.......'...
#.......####.......#...
##.....)...)...###### .
#.....###.###.......#
#....##..#(.##......#
#...##..# #(.##......
'..##.#. .#.####.##
#..#. . . .# .#


You could see a death drake.

Vanquished Creatures
  A rakshasa (D:11)
  A catoblepas (D:11)
  2 boulder beetles (D:11)
  2 centaur warriors (D:11)
  An orc knight (D:11)
  A gargoyle (D:11)
  A freezing wraith (D:11)
  5 trolls
  4 hornets
  A centaur simulacrum (D:11)
  2 wraiths (D:11)
  A wyvern (D:9)
  4 shadows
  5 yaks (D:10)
  A steam dragon (D:8)
  An acid dragon (D:10)
  2 orc warriors
  A black bear (D:8)
  An ice beast (D:5)
  4 centaurs
  3 phantoms
  4 kobold brigands
  3 bullfrogs
  A gnoll sergeant (D:11)
  5 scorpions
  7 wights
  10 killer bees
  3 howler monkeys (D:8)
  An electric eel (D:10)
  2 hounds
  A jelly (D:4)
  8 orc priests
  3 gnoll boudas
  Jessica (D:3)
  Natasha (D:4)
  An iguana (D:5)
  11 orc wizards
  16 gnolls
  8 adders
  A shadow imp (D:6)
  6 worms
  4 dart slugs
  47 orcs
  4 endoplasms
  2 giant cockroaches
  11 goblins
  11 hobgoblins
  7 jackals
  3 quokkas
  14 ball pythons
  2 bats (D:1)
  A frilled lizard (D:3)
  20 kobolds
  3 rats
266 creatures vanquished.

Vanquished Creatures (others)
  An iguana (D:4)
  2 adders (D:4)
  An endoplasm (D:4)
  A hobgoblin (D:4)
5 creatures vanquished.

Grand Total: 271 creatures vanquished

Notes
Turn   | Place    | Note
-------+----------+-------------------------------------------
     0 | D:1      | xian the Minotaur Fighter began the quest for the Orb.
     0 | D:1      | Reached XP level 1. HP: 19/19 MP: 0/0
   140 | D:1      | Reached XP level 2. HP: 27/27 MP: 1/1
   396 | D:1      | Reached XP level 3. HP: 33/33 MP: 2/2
   666 | D:2      | Reached skill level 3 in Axes
   735 | D:2      | Found Ytylumuts's Antique Weapon Emporium.
   788 | D:2      | Found Ycer's Antique Armour Boutique.
   845 | D:2      | Reached XP level 4. HP: 34/40 MP: 3/3
   846 | D:2      | Reached skill level 4 in Axes
   943 | D:2      | Found Onnoe's Weapon Shop.
  1003 | D:2      | Found Ewuodd's Armour Boutique.
  1024 | D:2      | Reached skill level 1 in Dodging
  1024 | D:2      | Reached XP level 5. HP: 25/46 MP: 4/4
  1036 | D:2      | Bought a +0 kite shield of protection for 126 gold pieces
  1581 | D:3      | Reached skill level 5 in Axes
  1927 | D:3      | Noticed Jessica
  1931 | D:3      | Killed Jessica
  1932 | D:3      | Reached XP level 6. HP: 51/53 MP: 5/5
  2455 | D:4      | Reached skill level 5 in Armour
  2599 | D:4      | Found a shimmering altar of Xom.
  2747 | D:4      | Reached skill level 6 in Axes
  2751 | D:4      | Reached XP level 7. HP: 60/60 MP: 6/6
  2765 | D:4      | Reached skill level 5 in Fighting
  2848 | D:4      | Reached skill level 1 in Stealth
  3026 | D:4      | Noticed Natasha
  3032 | D:4      | Killed Natasha
  3033 | D:4      | Reached skill level 7 in Axes
  3264 | D:5      | Entered Level 5 of the Dungeon
  3264 | D:5      | Noticed a hornet
  3264 | D:5      | Found Arusul's Assorted Antiques.
  3276 | D:5      | Paralysed by a hornet for 1 turns
  3281 | D:5      | Killed a hornet
  3452 | D:5      | Found Xaaghap's Weapon Shoppe.
  3543 | D:5      | Reached skill level 8 in Axes
  3543 | D:5      | Reached XP level 8. HP: 68/69 MP: 7/7
  3659 | D:5      | Found a glowing golden altar of the Shining One.
  3795 | D:5      | Found Ullucirch's Book Shop.
  3825 | D:5      | Found Guinomib's Book Boutique.
  3999 | D:5      | Found an ornate altar of the Wu Jian Council.
  4217 | D:5      | Found a snail-covered altar of Cheibriados.
  4333 | D:6      | Reached skill level 9 in Axes
  4662 | D:6      | Found Korotu Piext's Book Shoppe.
  4796 | D:6      | Identified the +0 leather armour of Wariness {Will+ Stlth+}
  4886 | D:6      | Found a burning altar of Makhleb.
  4889 | D:6      | Found a stormy altar of Qazlal.
  4896 | D:6      | Became a worshipper of Makhleb the Destroyer
  5185 | D:7      | You fall into a shaft and drop 2 floors!
  5211 | D:9      | Noticed a hornet
  5249 | D:9      | Paralysed by a hornet for 3 turns
  5254 | D:9      | Killed a hornet
  5490 | D:9      | Reached skill level 10 in Axes
  5495 | D:9      | Reached XP level 9. HP: 78/78 MP: 8/8
  5512 | D:9      | Found a staircase to the Orcish Mines.
  5621 | D:9      | Noticed a troll
  5634 | D:9      | Killed a troll
  5663 | D:8      | Reached skill level 11 in Axes
  5801 | D:8      | Found a radiant altar of Vehumet.
  5966 | D:8      | Noticed a troll
  5971 | D:8      | Reached * piety under Makhleb
  5979 | D:8      | Killed a troll
  6117 | D:8      | Reached skill level 12 in Axes
  6550 | D:8      | Reached XP level 10. HP: 88/88 MP: 9/9
  6727 | D:7      | Reached ** piety under Makhleb
  6728 | D:7      | Reached skill level 10 in Armour
  6877 | D:7      | Found a staircase to the Ecumenical Temple.
  7566 | D:9      | Found a white marble altar of Elyvilon.
  7731 | D:10     | Entered Level 10 of the Dungeon
  7762 | D:10     | Reached skill level 13 in Axes
  8291 | D:10     | Noticed a moth of wrath
  8293 | D:10     | Found a bloodstained altar of Trog.
  8609 | D:10     | Paralysed by a hornet for 1 turns
  9233 | D:11     | Noticed a boulder beetle
  9241 | D:11     | Killed a boulder beetle
  9282 | D:11     | Reached skill level 14 in Axes
  9413 | D:11     | Noticed a catoblepas
  9423 | D:11     | Killed a catoblepas
  9424 | D:11     | Reached XP level 11. HP: 99/99 MP: 10/10
  9491 | D:11     | Noticed a rakshasa
  9509 | D:11     | Killed a rakshasa
  9509 | D:11     | Reached *** piety under Makhleb
  9551 | D:11     | Reached skill level 10 in Fighting
  9568 | D:11     | Noticed a centaur warrior
  9577 | D:11     | Killed a centaur warrior
  9578 | D:11     | Noticed a centaur warrior
  9578 | D:11     | Noticed a fire dragon
  9587 | D:11     | Killed a centaur warrior
  9916 | D:11     | Noticed an orc knight
  9932 | D:11     | Killed an orc knight
  9933 | D:11     | Reached skill level 15 in Axes
  9939 | D:11     | Noticed a boulder beetle
  9965 | D:11     | Killed a boulder beetle
 10039 | D:11     | Noticed a death drake
 10048 | D:11     | Succumbed to a death drake's dark miasma

Illustrated notes

Levels and vault maps discovered:
D:1:      dpeg_arrival_stone_temple_mockup, layout_basic
D:2:      layout_rooms, serial_shops, nicolae_shop_overgrown_old_shop,
          nicolae_shop_waterfront, shop, nicolae_shop_window_shopping,
          minmay_quantized
D:3:      layout_basic, uniq_jessica
D:4:      layout_loops_ring, xom_confusion_cloud, minivault_25, uniq_natasha
D:5:      layout_gridville, lemuel_coloured_pillars_altar,
          amcnicky_altar_gilded, lemuel_crystal_altar, serial_shops,
          nicolae_inconvenience_store, nicolae_shop_stone,
          nicolae_shop_advertising_works [nicolae_subvault_shop_adworks], shop
D:6:      layout_loops_ring, nicolae_overflow_squiral, serial_shops,
          nicolae_stop_n_shop_1
D:7:      layout_rooms, minmay_temple_entry_statues_pillars
D:8:      kennysheep_ambush_hall, layout_basic, vehumet_statue,
          minmay_fractal_squares_5
D:9:      layout_rooms, mainiacjoe_overflow_alcove_2, orc_0_dummy,
          serial_co_window_serial, co_window_corner_a,
          co_window_of_opportunity_a, co_window_paths_a, co_window_cross_1,
          co_window_cross_1, co_window_paths_c, co_window_paths_c,
          co_window_of_opportunity_c, co_window_corner_b, co_window_sun,
          glass_columns_c
D:10:     layout_loops_corners, tgw_trog, eino_curves_02,
          minmay_misc_feat_four_crosses, minmay_crystal_water
D:11:     minmay_the_grid_octo_tiled_octocenter
          [minmay_the_grid_octo_fan_narrow, minmay_the_grid_octo_pinwheel,
          minmay_the_grid_octo_clover, minmay_the_grid_octo_focus,
          minmay_the_grid_octo_prize_square_snowflake,
          minmay_the_grid_square_5x5_comb, minmay_the_grid_square_5x5_bracketed,
          minmay_the_grid_square_5x5_tie, minmay_the_grid_square_5x5_slash],
          layout_gridville, disabler_island
D:12:     nzn_winding_woodlands_three_and_one
          [nzn_winding_woodlands_5x15_river_crossing,
          nzn_winding_woodlands_5x15_cabin, nzn_winding_woodlands_5x15_crooked,
          nzn_winding_woodlands_center_lodge], layout_long_grid, uniq_josephine,
          uniq_erolcha

Skill      XL: |  1  2  3  4  5  6  7  8  9 10 11 |
---------------+----------------------------------+-----
Shields        | 4 |  4.8
Armour         | 4 5 6 8 9 11 12 | 12.6
Fighting       | 4 5 6 8 9 10 | 10.6
Axes           | 3 4 5 6 8 10 12 14 15 | 15.2
Dodging        | 1 |  1.7
Stealth        | 1 |  1.0
Throwing       | |  0.8

Action                     |  1- 3 |  4- 6 |  7- 9 | 10-12 || total
---------------------------+-------+-------+-------+-------++-------
  Melee: War axe           |    65 |   109 |   242 |   253 ||   669
         Headbutt          |    15 |    20 |    38 |    52 ||   125
  Throw: Dart              |       |       |       |     3 ||     3
    Use: Potion            |     1 |       |     2 |     1 ||     4
         Scroll            |       |     8 |     4 |     4 ||    16
 Armour: Scale mail        |    34 |    33 |       |       ||    67
         Crystal plate arm |       |    49 |   211 |   214 ||   474
  Dodge: Dodged            |    37 |    51 |    52 |   114 ||   254
  Block: Buckler           |    22 |    10 |       |       ||    32
         Kite shield       |       |     5 |       |       ||     5

Table legend: (Time is in decaauts)
 A = Elapsed time spent in this place.
 B = Non-inter-level travel time spent in this place.
 C = Inter-level travel time spent in this place.
 D = Time resting spent in this place.
 E = Time spent auto-exploring this place.
 F = Levels seen in this place.
 G = Mean time per level.
                   A        B        C        D        E       F      G
               +--------+--------+--------+--------+--------+-----+--------+
         Total |  10510 |  10292 |    218 |    273 |   7301 |  12 |  875.8 |
       Dungeon |  10510 |  10292 |    218 |    273 |   7301 |  12 |  875.8 |
               +--------+--------+--------+--------+--------+-----+--------+

Top non-repeatable levels by time:
    D:10: 1705 daAuts
     D:8: 1113 daAuts
     D:5: 1091 daAuts
     D:4: 992 daAuts
     D:3: 963 daAuts
     D:9: 915 daAuts
     D:6: 846 daAuts
     D:2: 807 daAuts
     D:7: 719 daAuts
    D:11: 674 daAuts
     D:1: 674 daAuts
    D:12: 5 daAuts
